 Dungeon Crawl Stone Soup version 0.23.2 (webtiles) character file.

Game seed: 12426035035290668748

8021 esteth the Cleaver (level 11, -3/102 HPs)
             Began as a Minotaur Fighter on Apr 6, 2019.
             Was a Priest of Qazlal.
             Slain by a troll (4 damage)
             ... on level 11 of the Dungeon.
             The game lasted 00:20:13 (12605 turns).

esteth the Cleaver (Minotaur Fighter)              Turns: 12605, Time: 00:20:14

Health: -3/102     AC: 11    Str: 26    XL:     11   Next: 4%
Magic:  16/16      EV:  8    Int:  5    God:    Qazlal [***...]
Gold:   498        SH:  3    Dex: 13    Spells: 10/10 levels left

rFire    + + .     SeeInvis .   m - +1 whip (elec)
rCold    . . .     Gourm    .   (no shield)
rNeg     . . .     Faith    .   q - +2 chain mail {rF+}
rPois    .         Spirit   .   (helmet restricted)
rElec    .         Reflect  .   (no cloak)
rCorr    .         Harm     .   (no gloves)
MR       .....                  (no boots)
Stlth    ..........             (no amulet)
HPRegen  0.27/turn              h - ring of flight
MPRegen  0.15/turn              w - ring of protection from fire

@: mighty, lethally poisoned (-3 -> -29), slowed, very slow
A: retaliatory headbutt, horns 2
a: Upheaval, Elemental Force, Renounce Religion, Evoke Flight


You were on level 11 of the Dungeon.
You worshipped Qazlal.
Qazlal was most pleased with you.
You were not hungry.

You visited 2 branches of the dungeon, and saw 12 of its levels.

You collected 498 gold pieces.

Inventory:

Hand Weapons
 a - a +1 war axe
 m - a +1 whip of electrocution (weapon)
 H - a +2 spear of freezing
Missiles
 d - 4 poisoned tomahawks (quivered)
Armour
 b - a +0 scale mail
 c - a +0 shield
 k - the +1 robe of Lixkoj {Slay+5}
   (You found it on level 9 of the Dungeon)

   It affects your accuracy and damage with ranged weapons and melee attacks
   (+5).
 q - a +2 chain mail of fire resistance (worn)
Jewellery
 h - a ring of flight (left hand)
 r - an uncursed ring of positive energy
 w - a ring of protection from fire (right hand)
 D - an uncursed ring of resist corrosion
Wands
 l - a wand of digging (6)
 t - a wand of paralysis (7)
 B - a wand of iceblast (11)
 F - a wand of scattershot (3)
 I - a wand of flame (14)
 M - a wand of acid (6)
Scrolls
 g - 2 scrolls of enchant weapon
 n - a scroll of magic mapping
 o - 2 scrolls of remove curse
 y - 4 scrolls of enchant armour
 z - 8 scrolls of identify
 A - a scroll of blinking {unknown}
 G - a scroll of fear {unknown}
Potions
 e - 3 potions of flight
 i - 2 potions of lignification
 p - 3 potions of agility
 s - 2 potions of brilliance {unknown}
 u - a potion of berserk rage {unknown}
 C - a potion of degeneration {unknown}
 E - a potion of resistance
 J - 2 potions of cancellation {unknown}
 K - a potion of mutation {unknown}
 O - a potion of invisibility {unknown}
Comestibles
 f - 17 rations
 j - 2 chunks of flesh


   Skills:
 + Level 11.1 Fighting
 - Level 13.5 Axes
 - Level 3.6 Armour
 - Level 3.6 Shields
 + Level 8.9 Invocations


You had 10 spell levels left.
You didn't know any spells.
Your spell library contained the following spells:

 Spells                   Type           Power        Failure   Level  Hunger
 Sting                    Conj/Pois      #...         98%         1    ##.....
 Poisonous Vapours        Pois/Air       #.....       99%         2    ###....
 Mephitic Cloud           Conj/Pois/Air  #.......     100%        3    ####...
 Olgreb's Toxic Radiance  Pois           #.......     100%        4    #####..
 Venom Bolt               Conj/Pois      #.........   100%        5    ######.


Dungeon Overview and Level Annotations

Branches:
Dungeon (11/15)            Temple (1/1) D:5            Lair (0/6) D:8
    Orc (0/2) D:9

Altars:
Ashenzari
Cheibriados
Dithmenos
Elyvilon
Fedhas
Gozag
Hepliaklqana
Kikubaaqudgha
Makhleb
Nemelex Xobeh
Okawaru
Qazlal
Ru
Sif Muna
Trog
Uskayaw
Vehumet
Wu Jian
Xom
Yredelemnul
Zin
The Shining One

Annotations:
D:4 1 runed translucent door, Crazy Yiuf
D:5 exclusion: downstairs
D:9 exclusion: downstairs


Innate Abilities, Weirdness & Mutations

You reflexively headbutt those who attack you in melee.
You have a pair of horns on your head.


Message History

* * * LOW HITPOINT WARNING * * *
You feel sick.
The hornet stings you but does no damage.
The hornet closely misses you. You furiously retaliate!
You headbutt the hornet. The troll barely misses you.
The troll claws you but does no damage. The troll barely misses you.
The hornet closely misses you. The troll bites you but does no damage.
The troll claws you!
* * * LOW HITPOINT WARNING * * *
The troll claws you but does no damage.
You miss the hornet.
The hornet is severely wounded.
* * * LOW HITPOINT WARNING * * *
You feel sick. The hornet stings you.
* * * LOW HITPOINT WARNING * * *
You are more poisoned.
You feel as though you will be slow longer.
The troll barely misses you. You furiously retaliate!
You headbutt the troll! The troll closely misses you. The troll claws you.
You die...

#.............#
.......#.............#
.......#.............#
.......#.............#
.......#.............#
.....#.............#
...#.............#
#y#.....#.......#
#@ยง.....#.......#
#.T.....#.......#
#.......'.......#
#.......#.......#
#.......#.......#
#.......#.......#
.######...#####+###
................
................


You could see a troll and a hornet.

Vanquished Creatures
  A two-headed ogre (D:9)
  Pikel (D:6)
  2 centaur skeletons
  A queen bee (D:8)
  2 trolls
  A hornet (D:9)
  Grinder (D:5)
  A hippogriff (D:7)
  Sigmund (D:2)
  Eustachio (D:5)
  Edmund (D:4)
  A water moccasin (D:9)
  A porcupine (D:8)
  2 ice beasts
  2 orc warriors
  3 sky beasts
  3 black bears
  2 slaves (D:6)
  6 ogres
  A phantom (D:7)
  An eye of draining (D:10)
  2 centaurs (D:6)
  A crocodile (D:8)
  A big kobold (D:9)
  5 bullfrogs
  A gnoll sergeant (D:6)
  A scorpion (D:6)
  20 killer bees
  A bullfrog zombie (D:11)
  4 crimson imps
  2 hounds
  4 orc priests
  4 jellies
  3 bullfrog skeletons
  An iguana (D:7)
  Jessica (D:2)
  6 worker ants
  4 orc wizards
  A hound zombie (D:5)
  A hound skeleton (D:7)
  A worker ant zombie (D:6)
  A howler monkey zombie (D:11)
  17 adders
  10 gnolls
  4 shadow imps
  4 oozes
  An adder zombie (D:9)
  2 worms (D:2)
  2 dart slugs
  6 leopard geckos
  27 orcs
  6 bats
  6 giant cockroaches
  8 goblins
  9 hobgoblins
  19 jackals
  11 kobolds
  5 quokkas
  4 ball pythons
  5 frilled lizards
  A quokka zombie (D:5)
  9 rats
256 creatures vanquished.

Notes
Turn   | Place    | Note
-------+----------+-------------------------------------------
     0 | D:1      | esteth the Minotaur Fighter began the quest for the Orb.
     0 | D:1      | Reached XP level 1. HP: 19/19 MP: 0/0
    95 | D:1      | Reached skill level 3 in Axes
   158 | D:1      | Reached XP level 2. HP: 26/26 MP: 1/1
   343 | D:1      | Reached skill level 4 in Axes
   615 | D:1      | Reached XP level 3. HP: 26/31 MP: 2/2
   769 | D:2      | Found a shadowy altar of Dithmenos.
   848 | D:2      | Reached skill level 5 in Axes
   864 | D:2      | Noticed Jessica
   869 | D:2      | Killed Jessica
   869 | D:2      | Reached XP level 4. HP: 32/39 MP: 3/3
  1215 | D:2      | Noticed Sigmund
  1221 | D:2      | Killed Sigmund
  1221 | D:2      | Reached skill level 7 in Axes
  1221 | D:2      | Reached XP level 5. HP: 41/45 MP: 4/4
  1319 | D:2      | Reached XP level 6. HP: 50/51 MP: 5/5
  1360 | D:2      | Reached skill level 8 in Axes
  2391 | D:3      | Found an ancient bone altar of Kikubaaqudgha.
  2650 | D:3      | Reached skill level 9 in Axes
  2983 | D:4      | Reached XP level 7. HP: 50/57 MP: 6/6
  3100 | D:4      | Found a runed translucent door.
  3101 | D:4      | Noticed Crazy Yiuf
  3403 | D:4      | Found a snail-covered altar of Cheibriados.
  3403 | D:4      | Found a hide-covered altar of Uskayaw.
  3403 | D:4      | Noticed Edmund
  3404 | D:4      | Found a shattered altar of Ashenzari.
  3412 | D:4      | Killed Edmund
  3506 | D:4      | Found a bloodstained altar of Trog.
  3725 | D:5      | Entered Level 5 of the Dungeon
  3806 | D:5      | Reached skill level 10 in Axes
  4079 | D:5      | Noticed Grinder
  4091 | D:5      | Killed Grinder
  4091 | D:5      | Reached skill level 11 in Axes
  4091 | D:5      | Reached XP level 8. HP: 55/64 MP: 7/7
  4179 | D:5      | Noticed Eustachio
  4196 | D:5      | Killed Eustachio
  4196 | D:5      | Reached skill level 12 in Axes
  4497 | D:5      | Found a staircase to the Ecumenical Temple.
  4507 | Temple   | Entered the Ecumenical Temple
  4514 | Temple   | Became a worshipper of Qazlal Stormbringer
  5296 | D:6      | Reached skill level 13 in Axes
  5349 | D:6      | Noticed Pikel
  6016 | D:6      | Reached skill level 1 in Invocations
  6016 | D:6      | Reached XP level 9. HP: 58/71 MP: 8/8
  6496 | D:6      | Reached * piety under Qazlal
  6690 | D:6      | Killed Pikel
  6690 | D:6      | Reached skill level 5 in Fighting
  7203 | D:7      | Reached skill level 5 in Invocations
  7354 | D:7      | Reached ** piety under Qazlal
  8186 | D:8      | Reached XP level 10. HP: 24/88 MP: 13/13
  8755 | D:8      | You fall through a shaft for 3 floors!
  8918 | D:10     | Entered Level 10 of the Dungeon
  9047 | D:9      | Found a sparkling altar of Nemelex Xobeh.
  9048 | D:9      | Found an opulent altar of Gozag.
  9135 | D:9      | Found a burning altar of Makhleb.
  9161 | D:9      | HP: 2/139 [killer bee (5)]
  9179 | D:9      | HP: 6/139 [poisoned by a killer bee]
  9185 | D:9      | HP: 5/139 [poisoned by a killer bee]
  9191 | D:9      | HP: 3/93 [poisoned by a killer bee]
  9198 | D:9      | HP: 3/93 [poisoned by a killer bee]
  9582 | D:9      | Found a staircase to the Orcish Mines.
  9621 | D:9      | Reached skill level 10 in Fighting
  9769 | D:9      | Paralysed by a hornet for 1 turns
  9773 | D:9      | Paralysed by a hornet for 2 turns
 10048 | D:9      | Noticed a two-headed ogre
 10075 | D:9      | Killed a two-headed ogre
 10822 | D:8      | Found a sparkling altar of Nemelex Xobeh.
 10853 | D:8      | Found a shimmering altar of Xom.
 10854 | D:8      | Found a hazy altar of Hepliaklqana.
 11005 | D:8      | Found a staircase to the Lair.
 11157 | D:9      | Got a faintly humming robe
 11158 | D:9      | Identified the +1 robe of Lixkoj {Slay+5} (You found it on
                  | level 9 of the Dungeon)
 11642 | D:10     | Reached *** piety under Qazlal
 11681 | D:10     | Noticed a two-headed ogre
 12100 | D:10     | Reached XP level 11. HP: 97/102 MP: 9/16
 12605 | D:11     | HP: 4/102 [poisoned by a hornet]
 12605 | D:11     | HP: 1/102 [hornet (3)]
 12605 | D:11     | Slain by a troll

Skill      XL: |  1  2  3  4  5  6  7  8  9 10 |
---------------+-------------------------------+-----
Axes           | 3 4 5 7 9 11 13 | 13.5
Fighting       | 4 8 11 | 11.1
Invocations    | 1 5 8 |  8.9
Armour         | |  3.6
Shields        | |  3.6

Action                   |  1- 3 |  4- 6 |  7- 9 | 10-12 || total
-------------------------+-------+-------+-------+-------++-------
Melee: War axe           |    64 |       |       |       ||    64
       Headbutt          |     6 |    20 |    61 |    48 ||   135
       Whip              |    17 |   155 |   301 |   204 ||   677
Throw: Tomahawk          |       |       |       |     1 ||     1
Invok: Upheaval          |       |       |       |     1 ||     1
Evoke: Wand              |       |       |       |     1 ||     1
  Use: Scroll            |     1 |     1 |     2 |     7 ||    11
       Potion            |       |       |     2 |    11 ||    13
  Eat: Chunk             |       |     7 |    13 |     4 ||    24
       Ration            |       |       |     1 |     3 ||     4
Armor: Scale mail        |    57 |    46 |     3 |       ||   106
       Chain mail        |       |       |   141 |    86 ||   227
       Skin              |       |       |       |     8 ||     8
Dodge: Dodged            |    49 |    69 |    95 |    73 ||   286
Block: Other             |       |       |    12 |    26 ||    38
